 Dungeon Crawl Stone Soup version 0.19.1 (webtiles) character file.

70 Slime the Sneak (level 4, -3/21 HPs)
             Began as a Spriggan Enchanter on Dec 25, 2016.
             Slain by a bullfrog skeleton (7 damage)
             ... on level 5 of the Dungeon.
             The game lasted 00:08:40 (2270 turns).

Slime the Sneak (Spriggan Enchanter)                Turns: 2270, Time: 00:08:41

Health: -3/21      AC:  4    Str:  4    XL:     4   Next: 3%
Magic:  7/9        EV: 18    Int: 16    God:
Gold:   165        SH:  0    Dex: 17    Spells: 3 memorised, 2 levels left

rFire  . . .     SeeInvis +     a - +1 dagger
rCold  . . .     Gourm    .     b - +2 robe
rNeg   . . .     Faith    .     (shield restricted)
rPois  .         Spirit   .     (helmet restricted)
rElec  .         Reflect  .     (no cloak)
rCorr  .         Harm     .     (gloves unavailable)
MR     .....                    (boots unavailable)
Stlth  +++.......               (no amulet)
                                (no ring)
                                o - ring of wizardry

@: very quick
A: unfitting armour, see invisible, herbivore 3, speed 3, slow metabolism 2
a: no special abilities


You were on level 5 of the Dungeon.
You were full.

You visited 1 branch of the dungeon, and saw 5 of its levels.

You collected 165 gold pieces.

Inventory:

Hand Weapons
 a - a +1 dagger (weapon)
 u - a +0 quarterstaff
 C - a +0 blowgun
Missiles
 h - 4 needles of sleeping
 s - 8 poisoned needles
 x - 7 curare-tipped needles
Armour
 b - a +2 robe (worn)
 B - a +0 chain mail
Jewellery
 o - a ring of wizardry (left hand)
Scrolls
 e - a scroll of amnesia {unknown}
 g - 2 scrolls of remove curse {unknown}
 i - 2 scrolls of magic mapping {unknown}
 j - a scroll of random uselessness {unknown}
 k - a scroll of enchant weapon {unknown}
 m - a scroll of enchant armour
 w - a scroll of immolation {unknown}
 y - a scroll of noise {unknown}
 A - a scroll of identify
Potions
 f - 2 potions of curing
 l - 2 potions of brilliance {unknown}
 n - 2 potions of might {unknown}
 p - a potion of lignification {unknown}
 q - 2 potions of resistance {unknown}
 r - a potion of heal wounds {unknown}
 t - a potion of magic {unknown}
 z - a potion of haste {unknown}
Books
 c - a book of Maledictions

   Spells                             Type                      Level
   a - Corona                         Hexes                        1
   b - Ensorcelled Hibernation        Hexes/Ice                    2
   c - Confuse                        Hexes                        3
   d - Tukima's Dance                 Hexes                        3
   e - Dazzling Spray                 Conjuration/Hexes            3
Comestibles
 d - 2 bread rations


   Skills:
 - Level 1.1 Short Blades
 - Level 3.0 Dodging
 - Level 5.0 Stealth
 + Level 2.6 Spellcasting
 - Level 4.5 Hexes
 - Level 2.0 Ice Magic


You had 2 spell levels left.
You knew the following spells:

 Your Spells              Type           Power        Failure   Level  Hunger
a - Corona                Hex            ###....      1%          1    #......
b - Ensorcelled Hibernat  Hex/Ice        ##....       4%          2    ##.....
c - Tukima's Dance        Hex            ###.....     4%          3    ###....


Dungeon Overview and Level Annotations

Branches:
Dungeon (4/15)
 Temple: D:4-7

Altars:

Annotations:
D:4 Slime's ghost, amateur DEFE
D:5 Sigmund


Innate Abilities, Weirdness & Mutations

You are very small and have problems with some larger weapons.
You are too small for most types of armour.
You have supernaturally acute eyesight. (SInv)
You are a herbivore.
You cover ground extremely quickly.
You need consume almost no food.


Message History

The worker ant zombie is almost destroyed.
The bullfrog skeleton closely misses you.
The crimson imp blinks!
The worker ant zombie bites you.
* * * LOW HITPOINT WARNING * * *
The bullfrog skeleton hits you but does no damage.
You hit the worker ant zombie.
The worker ant zombie is almost destroyed.
The bullfrog skeleton barely misses you.
The worker ant zombie closely misses you.
You hit the worker ant zombie but do no damage.
The worker ant zombie is almost destroyed.
The bullfrog skeleton misses you. The worker ant zombie misses you.
You hit the worker ant zombie but do no damage.
The worker ant zombie is almost destroyed.
The bullfrog skeleton closely misses you.
The worker ant zombie barely misses you.
You hit the worker ant zombie but do no damage.
The worker ant zombie is almost destroyed.
The bullfrog skeleton hits you!
You die...

.....##..........#
.................#
#.....#..........#
#....#..........#
##....#..........#
#!.......#########
.Z......##
......#Z#
......#@# .....
#Z# ..... #.# ....
... .... ##. .. ..
...


You could see a worker ant zombie and a bullfrog skeleton.

Vanquished Creatures
  2 adders (D:2)
  2 worms
  A dart slug (D:1)
  A leopard gecko (D:3)
  An orc (D:3)
  7 bats
  2 giant cockroaches
  6 goblins
  5 hobgoblins
  6 kobolds
  A quokka (D:2)
  3 frilled lizards
  A rat (D:2)
38 creatures vanquished.

Notes
Turn   | Place    | Note
-------+----------+-------------------------------------------
     0 | D:1      | Slime the Spriggan Enchanter began the quest for the Orb.
     0 | D:1      | Reached XP level 1. HP: 9/9 MP: 5/5
   194 | D:1      | Reached XP level 2. HP: 13/13 MP: 6/6
   464 | D:2      | Learned a level 2 spell: Ensorcelled Hibernation
   636 | D:2      | Reached skill level 1 in Ice Magic
   678 | D:2      | Reached XP level 3. HP: 16/16 MP: 8/8
  1309 | D:2      | Learned a level 3 spell: Tukima's Dance
  1861 | D:3      | Reached skill level 5 in Stealth
  2098 | D:4      | Reached XP level 4. HP: 11/21 MP: 2/9
  2156 | D:4      | Noticed a phantom
  2157 | D:4      | Noticed Slime's ghost (amateur DEFE)
  2162 | D:4      | You fall through a shaft!
  2162 | D:5      | Entered Level 5 of the Dungeon
  2162 | D:5      | Noticed Sigmund
  2270 | D:5      | Slain by a bullfrog skeleton

Skill      XL: |  1  2  3 |
---------------+----------+-----
Hexes          | 4 |  4.5
Ice Magic      | 1 2 |  2.0
Stealth        | 5 |  5.0
Short Blades   | |  1.1
Dodging        | |  3.0
Spellcasting   | |  2.6

Action                   |  1- 3 |  4- 6 || total
-------------------------+-------+-------++-------
Melee: Dagger            |   138 |    40 ||   178
 Cast: Corona            |     6 |     2 ||     8
       Ensorcelled Hiber |    31 |     3 ||    34
       Tukima's Dance    |     1 |       ||     1
  Use: Scroll            |     4 |     1 ||     5
       Potion            |       |     1 ||     1
 Stab: Sleeping          |    24 |       ||    24
  Eat: Bread ration      |     1 |       ||     1
Armor: Robe              |    18 |     5 ||    23
Dodge: Dodged            |   123 |    49 ||   172
